 Dungeon Crawl Stone Soup version 0.32-a0-136-gc02482bde3 (webtiles) character file.

Game seed: 11313369924180145191

7900 Bravepunisher the Demolition Spriggan (level 11, -14/58 HPs)
             Began as a Spriggan Monk on Feb 10, 2024.
             Was an Elder of Makhleb.
             Demolished by a two-headed ogre
             ... wielding a +4 dire flail of holy wrath
              (21 damage)
             ... on level 13 of the Dungeon.
             The game lasted 00:35:45 (9187 turns).

Bravepunisher the Demolition Spriggan (SpMo)        Turns: 9187, Time: 00:35:46

Health: -14/58     AC: 11    Str:  7    XL:     11   Next: 2%
Magic:  21/21      EV: 24    Int: 12    God:    Makhleb [****..]
Gold:   489        SH:  0    Dex: 22    Spells: 10/10 levels left

rFire   + . .        s - +2 dagger (venom)
rCold   + . .        (no shield)
rNeg    . . .        m - +0 steam dragon scales
rPois   +            (helmet restricted)
rElec   +            x - +0 cloak
rCorr   +            (gloves unavailable)
SInv    +            (boots unavailable)
Will    +....        E - amulet of the acrobat
Stlth   ++           D - +4 ring of protection
HPRegen 0.29/turn    (no ring)
MPRegen 0.17/turn

%: acrobat
@: mighty, resistant, attractive, very quick
A: very small, no large weapons, unfitting armour, see invisible, speed 3
a: Renounce Religion, Minor Destruction, Lesser Servant of Makhleb, Major
Destruction


You were on level 13 of the Dungeon.
You worshipped Makhleb.
Makhleb was greatly pleased with you.
You visited 2 branches of the dungeon, and saw 12 of its levels.

You collected 489 gold pieces.

Inventory:

Hand Weapons
 s - a +2 dagger of venom (weapon)
Missiles
 A - 2 throwing nets (quivered)
Armour
 m - +0 steam dragon scales (worn)
 x - a +0 cloak (worn)
Jewellery
 D - a +4 ring of protection (left hand)
 E - an amulet of the acrobat (around neck)
 J - a ring of fire
Wands
 b - a wand of charming (11)
 r - a wand of mindburst (6)
 y - a wand of polymorph (9)
 C - a wand of roots (4)
Scrolls
 c - a scroll of fog {unknown}
 d - 3 scrolls of enchant weapon {unknown}
 e - 18 scrolls of identify {unknown}
 f - 2 scrolls of enchant armour {unknown}
 g - 5 scrolls of teleportation {unknown}
 h - a scroll of acquirement {unknown}
 i - 2 scrolls of brand weapon {unknown}
 j - 3 scrolls of vulnerability {unknown}
 k - 3 scrolls of revelation {unknown}
 l - 3 scrolls of blinking {unknown}
 p - a scroll of noise {unknown}
 v - 7 scrolls of poison {unknown}
 B - a scroll of fear {unknown}
 F - a scroll of immolation {unknown}
 I - a scroll of amnesia {unknown}
Potions
 n - 2 potions of resistance
 o - a potion of lignification {unknown}
 q - a potion of attraction
 t - 2 potions of haste {unknown}
 u - a potion of mutation {unknown}
 w - a potion of might
 z - a potion of enlightenment {unknown}
 G - 2 potions of invisibility {unknown}
 H - a potion of ambrosia


   Skills:
 + Level 7.4 Fighting
 - Level 3.2 Short Blades
 + Level 4.1 Armour
 - Level 8.0 Dodging
 * Level 12.6 Invocations


You had 10 spell levels left.
You didn't know any spells.
Your spell library contained the following spells:

 Spells                   Type           Power      Damage    Failure   Level
 Sting                    Conj/Alch      0%         1d3       32%         1
 Mercury Vapours          Alch/Air       0%         N/A       45%         2
 Animate Dead             Necr           0%         N/A       97%         4
 Brom's Barrelling Bould  Conj/Erth      0%         2d3       97%         4
 Olgreb's Toxic Radiance  Alch           0%         N/A       97%         4
 Borgnjor's Vile Clutch   Necr/Erth      0%         N/A       100%        5
 Fireball                 Conj/Fire      0%         3d3       100%        5
 Iskenderun's Battlesphe  Conj           0%         2d6       100%        5
 Conjure Ball Lightning   Conj/Air       0%         3x3d6     100%        6
 Death Channel            Necr           0%         N/A       100%        6
 Orb of Destruction       Conj           0%         9d5       100%        7


Dungeon Overview and Level Annotations

Branches:
Dungeon (10/15)            Temple (1/1) D:5            Lair (0/5) D:8
    Orc (0/2) D:10

Altars:
Ashenzari
Cheibriados
Dithmenos
Elyvilon
Fedhas
Gozag
Hepliaklqana
Kikubaaqudgha
Makhleb
Nemelex Xobeh
Okawaru
Qazlal
Ru
Sif Muna
Trog
Uskayaw
Vehumet
Wu Jian
Xom
Yredelemnul
Zin
The Shining One

Shops:
D:1 (   D:2 ![*?   D:9 !

Portals:
Trove: D:10 (give demon trident "Rift")

Annotations:
D:5 Ijyb
D:9 3 runed translucent doors, jamsaran's ghost, novice DgFE


Innate Abilities, Weirdness & Mutations

You are very small and have problems with some larger weapons.
You are too small for most types of armour.
You have supernaturally acute eyesight. (SInv)
You cover ground extremely quickly. (Speed+++)


Message History

The centaur warrior shoots an arrow.
The arrow hits your ynoxinul!
Your ynoxinul dies!
Your ynoxinul disappears in a puff of smoke!
The two-headed ogre attacks as it pursues you!
The two-headed ogre completely misses you.
The two-headed ogre hits you with a +0 giant club!
The centaur warrior shoots an arrow.
The arrow completely misses you.
The centaur warrior shoots an arrow.
The arrow completely misses you.
The centaur warrior shoots an arrow.
The arrow completely misses you.
The centaur warrior shoots an arrow.
The arrow closely misses you.
The centaur warrior shoots an arrow.
The arrow hits you!!
* * * LOW HITPOINT WARNING * * *
It was a potion of resistance.
You feel protected.
The centaur warrior shoots an arrow.
The arrow hits you.
* * * LOW HITPOINT WARNING * * *
It was a potion of curing.
You feel better.
The centaur warrior shoots an arrow.
The arrow hits you!
* * * LOW HITPOINT WARNING * * *
Unknown command.
It was a potion of attraction.
You feel attractive to monsters.
Unknown command.
A bullfrog comes into view.
The two-headed ogre is attracted toward you.
The centaur warrior is attracted toward you.
The bullfrog is attracted toward you.
You feel better.
The two-headed ogre hits you with a +4 dire flail of holy wrath!
* * * LOW HITPOINT WARNING * * *
The two-headed ogre closely misses you. The bullfrog is attracted toward you.
Unknown command.
The two-headed ogre is attracted toward you.
The centaur warrior is attracted toward you.
Okay, then.
It was a potion of might.
You feel very mighty all of a sudden. The two-headed ogre misses you.
The two-headed ogre hits you with a +0 giant club!!
You die...

#...# #####.##
#......# # #......#
.. #......# ...
#...)..# ....
#......### .....
#......§.####......
#......#§cO@F......
#......######..§...
######## #####


You could see a centaur warrior, a two-headed ogre and a bullfrog (asleep).

Vanquished Creatures
  Joseph (D:8)
  A komodo dragon (D:10)
  Grinder (D:5)
  2 trolls
  Prince Ribbit (D:5)
  3 wyverns
  A shadow (D:9)
  A wraith (D:8)
  6 yaks
  A steam dragon (D:8)
  A water moccasin (D:7)
  2 black bears
  A sky beast (D:7)
  2 ice beasts
  4 orc warriors (D:10)
  An ogre (D:6)
  A centaur (D:9)
  A phantom (D:5)
  3 kobold brigands
  A bullfrog (D:8)
  2 scorpions
  6 killer bees (D:9)
  4 howler monkeys
  A bombardier beetle (D:6)
  A hound (D:3)
  8 orc priests
  Crazy Yiuf (D:5)
  A gnoll bouda (D:6)
  3 jellies
  5 orc wizards
  Robin (D:2)
  4 gnolls (D:6)
  6 adders
  A shadow imp (D:5)
  2 white imps
  5 dart slugs
  42 orcs
  6 endoplasms
  A giant cockroach (D:2)
  15 goblins
  9 hobgoblins
  3 jackals (D:2)
  3 quokkas
  10 ball pythons
  3 bats
  4 frilled lizards
  20 kobolds
  7 rats
209 creatures vanquished.

Vanquished Creatures (collateral kills)
  The ghost of Azoth the Thaumaturge, a novice DEIE of Cheibriados (D:8)
  Jeremiah (D:7)
  5 yaks
  A black bear (D:8)
  A centaur (D:8)
  A phantom (D:5)
  A kobold brigand (D:5)
  A bullfrog (D:9)
  4 killer bees (D:9)
  5 kobolds (D:5)
21 creatures vanquished.

Grand Total: 230 creatures vanquished

Notes
Turn   | Place    | Note
-------+----------+-------------------------------------------
     0 | D:1      | Bravepunisher the Spriggan Monk began the quest for the
                  | Orb.
     0 | D:1      | Reached XP level 1. HP: 11/11 MP: 2/2
    20 | D:2      | Found Ydiwn's Armour Emporium.
   107 | D:5      | Entered Level 5 of the Dungeon
   285 | D:4      | Found a burning altar of Makhleb.
   285 | D:4      | Noticed a cacodemon
   288 | D:4      | Noticed an orange demon
   288 | D:4      | Noticed an orange demon
   290 | D:4      | Became a worshipper of Makhleb the Destroyer
   290 | D:4      | Reached * piety under Makhleb
   290 | D:4      | Reached ** piety under Makhleb
   305 | D:4      | Reached skill level 1 in Invocations
   305 | D:4      | Reached XP level 2. HP: 15/16 MP: 2/4
   381 | D:3      | Found a faded altar of an unknown god.
   594 | D:2      | Found Fomeif's Assorted Antiques.
   735 | D:1      | Reached skill level 2 in Invocations
   763 | D:1      | Reached XP level 3. HP: 18/19 MP: 5/5
   940 | D:1      | Found Muont's Antique Weapon Emporium.
  1087 | D:1      | Reached skill level 3 in Invocations
  1256 | D:2      | Reached XP level 4. HP: 16/23 MP: 7/7
  1301 | D:2      | Noticed Robin
  1313 | D:2      | Killed Robin
  1313 | D:2      | Reached *** piety under Makhleb
  1449 | D:2      | Found Wosegg's Distillery.
  1656 | D:2      | Found Alezis's Magic Scroll Shop.
  1898 | D:3      | Reached skill level 4 in Invocations
  1920 | D:3      | Reached XP level 5. HP: 7/27 MP: 9/9
  2035 | D:3      | Reached skill level 5 in Invocations
  2885 | D:4      | Reached XP level 6. HP: 31/32 MP: 11/11
  3296 | D:5      | Noticed an ice beast
  3390 | D:5      | Noticed Grinder
  3409 | D:5      | Paralysed by Grinder for 3 turns
  3420 | D:5      | Killed Grinder
  3421 | D:5      | Reached skill level 6 in Invocations
  3421 | D:5      | Reached XP level 7. HP: 25/36 MP: 12/12
  3549 | D:5      | Noticed Ijyb
  3774 | D:5      | Reached skill level 7 in Invocations
  3780 | D:5      | Reached **** piety under Makhleb
  3815 | D:5      | Found a runed translucent door.
  3816 | D:5      | Noticed Crazy Yiuf
  3832 | D:5      | Killed Crazy Yiuf
  3833 | D:5      | Reached skill level 5 in Dodging
  4263 | D:5      | Noticed Prince Ribbit
  4270 | D:5      | Reached XP level 8. HP: 27/42 MP: 14/14
  4285 | D:5      | Killed Prince Ribbit
  4286 | D:5      | Reached skill level 8 in Invocations
  4584 | D:5      | Found a staircase to the Ecumenical Temple.
  4593 | Temple   | Entered the Ecumenical Temple
  5275 | D:7      | Found a stormy altar of Qazlal.
  5306 | D:7      | Reached skill level 5 in Fighting
  5306 | D:7      | Reached skill level 9 in Invocations
  5373 | D:7      | Noticed Jeremiah
  5400 | D:7      | Killed Jeremiah
  5401 | D:7      | Reached XP level 9. HP: 23/47 MP: 15/17
  6411 | D:8      | Found a snail-covered altar of Cheibriados.
  6557 | D:8      | Found a staircase to the Lair.
  6568 | D:8      | Reached skill level 10 in Invocations
  6575 | D:8      | Reached skill level 1 in Armour
  6616 | D:8      | Noticed Joseph
  6626 | D:8      | Killed Joseph
  6727 | D:8      | Reached skill level 11 in Invocations
  6727 | D:8      | Reached XP level 10. HP: 53/53 MP: 19/19
  6731 | D:8      | Found a runed translucent gate.
  6734 | D:8      | Found a runed translucent gate.
  6734 | D:8      | Found a runed translucent gate.
  6741 | D:8      | Noticed Azoth's ghost (novice DEIE)
  6782 | D:8      | Killed Azoth's ghost
  7321 | D:9      | Found Puffor's Distillery.
  7491 | D:9      | Found a runed translucent gate.
  7491 | D:9      | Identified the +4 chain mail of Pakece {rElec Will+ rCorr
                  | Stlth-}
  7492 | D:9      | Found a runed translucent gate.
  7493 | D:9      | Found a runed translucent gate.
  7494 | D:9      | Noticed jamsaran's ghost (novice DgFE)
  8249 | D:10     | Entered Level 10 of the Dungeon
  8261 | D:10     | Reached skill level 12 in Invocations
  8839 | D:10     | Found a portal to a secret trove of treasure.
  8840 | D:10     | Found a staircase to the Orcish Mines.
  8983 | D:10     | Reached XP level 11. HP: 49/58 MP: 21/21
  9119 | D:10     | You fall into a shaft and drop 3 floors!
  9147 | D:13     | Noticed a two-headed ogre
  9169 | D:13     | Noticed a centaur warrior
  9187 | D:13     | Demolished by a two-headed ogre

Illustrated notes

Levels and vault maps discovered:
D:1:      amcnicky_arrival_blooded_trapdoor, layout_rooms, serial_shops, shop
D:2:      layout_loops_ring, serial_shops, shop, nicolae_shop_stone,
          nicolae_shop_window_shopping, nicolae_shop_stone, grunt_ministairs_2,
          serial_bayou_crossing, uniq_robin
D:3:      layout_loops_cross, shapermc_ecumenical_altar_starsandcircs,
          kennysheep_boxes
D:4:      layout_loops_ring, makhleb_altar_promises_db, serial_aquarium,
          aquarium_bridge_straight [aquarium_subvault_bridge,
          aquarium_subvault_wall, aquarium_subvault_bridge,
          aquarium_subvault_window], aquarium_bridge_island_small
          [aquarium_subvault_small_water, aquarium_subvault_bridge,
          aquarium_subvault_bridge, aquarium_subvault_wall,
          aquarium_subvault_bridge], aquarium_window_corridor_1,
          aquarium_window_fake, aquarium_window_1, aquarium_view_2f,
          aquarium_pool_four
D:5:      layout_loops_corners, temple_hall, uniq_ijyb, uniq_prince_ribbit1,
          uniq_crazy_yiuf_cottage, uniq_grinder
D:6:      layout_cave_pools
D:7:      layout_basic, grunt_qazlal_clouds, uniq_jeremiah
D:8:      layout_gridville, nicolae_overflow_crystal_walls, david_lair_generic,
          gammafunk_ghost_spectres, uniq_joseph
D:9:      layout_grid_maze, biasface_ghost_orc_armoury, serial_shops,
          nicolae_shop_window_shopping
D:10:     layout_small_grid, david_orc_5, enter_trove_1
D:13:     layout_roguey, ximxim_vaults_locker_room, ebering_ghost_inner_flame
Temple:   compressed_dpeg_triangle_lava_temple

Skill      XL: |  1  2  3  4  5  6  7  8  9 10 |
---------------+-------------------------------+-----
Invocations    | 1 2 3 4 5 6 7 9 11 12 | 12.6
Fighting       | 3 4 5 6 7 |  7.4
Dodging        | 5 7 8 |  8.0
Armour         | 2 4 |  4.1
Short Blades   | |  3.2

Action                     |  1- 3 |  4- 6 |  7- 9 | 10-12 || total
---------------------------+-------+-------+-------+-------++-------
  Melee: Short sword       |    15 |       |       |       ||    15
         Punch             |     1 |       |       |    16 ||    17
         Dagger            |       |     1 |    34 |    98 ||   133
 Invoke: Minor Destruction |    73 |   118 |   200 |   134 ||   525
         Lesser Servant of |       |       |     4 |     7 ||    11
  Evoke: Wand              |       |       |     3 |       ||     3
    Use: Potion            |     2 |       |       |     5 ||     7
   Stab: Distracted        |     1 |       |     1 |     1 ||     3
 Armour: Robe              |    11 |    10 |    17 |       ||    38
         Steam dragon scal |       |       |     4 |    57 ||    61
  Dodge: Dodged            |    27 |    12 |    71 |   190 ||   300

Table legend: (Time is in decaauts)
 A = Elapsed time spent in this place.
 B = Non-inter-level travel time spent in this place.
 C = Inter-level travel time spent in this place.
 D = Time resting spent in this place.
 E = Time spent auto-exploring this place.
 F = Levels seen in this place.
 G = Mean time per level.
                   A        B        C        D        E       F      G
               +--------+--------+--------+--------+--------+-----+--------+
         Total |   6550 |   6301 |    249 |     22 |   4837 |  12 |  545.8 |
       Dungeon |   6548 |   6299 |    249 |     22 |   4837 |  11 |  595.3 |
        Temple |      1 |      1 |      0 |      0 |      0 |   1 |    1.0 |
               +--------+--------+--------+--------+--------+-----+--------+

Top non-repeatable levels by time:
     D:5: 936 daAuts
     D:7: 865 daAuts
     D:9: 747 daAuts
    D:10: 685 daAuts
     D:3: 659 daAuts
     D:4: 648 daAuts
     D:2: 633 daAuts
     D:8: 604 daAuts
     D:6: 362 daAuts
     D:1: 359 daAuts
    D:13: 46 daAuts
  Temple: 1 daAuts
